 Dungeon Crawl Stone Soup version 0.29-a0-111-gbaf749a769 (webtiles) character file.

Game seed: 7842087701829724211

62 cyrus the Poker (level 4, 0/37 HPs)
             Began as a Merfolk Fighter on Feb 17, 2022.
             Was a Follower of Kikubaaqudgha.
             Succumbed to an adder's poison
             ... on level 2 of the Dungeon.
             The game lasted 00:06:06 (1793 turns).

cyrus the Poker (Merfolk Fighter)                   Turns: 1793, Time: 00:06:06

Health: 0/37       AC:  2    Str: 16    XL:     4   Next: 8%
Magic:  3/4        EV: 11    Int:  9    God:    Kikubaaqudgha [*.....]
Gold:   15         SH:  5    Dex: 13    Spells: 2/3 levels left

rFire   . . .      SeeInvis .   l - +1 whip (drain)
rCold   . . .      Faith    .   c - +0 buckler
rNeg    . . .      Spirit   .   o - +0 robe
rPois   .          Reflect  .   (no helmet)
rElec   .          Harm     .   (no cloak)
rCorr   .          Rampage  .   (no gloves)
Will    .....                   (no boots)
Stlth   +.........              (no amulet)
HPRegen 0.12/turn               (no ring)
MPRegen 0.09/turn               (no ring)

@: mighty, lethally poisoned (0 -> -3)
A: (nimble swimmer 2), mertail
a: Renounce Religion, Receive Corpses


You were on level 2 of the Dungeon.
You worshipped Kikubaaqudgha.
Kikubaaqudgha was aware of your devotion.
You visited 1 branch of the dungeon, and saw 2 of its levels.

You collected 146 gold pieces.
You spent 131 gold pieces at shops.

Inventory:

Hand Weapons
 a - a +0 trident
 l - a +1 whip of draining (weapon)
Armour
 b - a +0 scale mail
 c - a +0 buckler (worn)
 o - a +0 robe (worn)
Jewellery
 p - a ring of fire
Scrolls
 f - 2 scrolls of identify {unknown}
 h - a scroll of noise {unknown}
 j - a scroll of amnesia {unknown}
 k - a scroll of teleportation {unknown}
 m - a scroll of enchant weapon {unknown}
 q - a scroll of immolation {unknown}
Potions
 d - a potion of might
 e - a potion of degeneration {unknown}
 g - a potion of magic {unknown}
 i - a potion of curing {unknown}
 n - 2 potions of flight {unknown}


   Skills:
 + Level 3.7 Fighting
 + Level 3.9 Polearms
 + Level 2.4 Armour
 + Level 1.0 Dodging
 + Level 3.6 Shields
 + Level 0.1 Spellcasting


You had 2 spell levels left.
You knew the following spells:

 Your Spells              Type           Power      Damage    Failure   Level
a - Animate Skeleton      Necr           0%         N/A       47%         1

Your spell library contained the following spells:

 Spells                   Type           Power      Damage    Failure   Level
 Corpse Rot               Necr/Air       0%         N/A       63%         2
 Sublimation of Blood     Necr           0%         N/A       63%         2
 Dazzling Flash           Conj/Hex       0%         N/A       85%         3
 Vampiric Draining        Necr           0%         2d6       85%         3
 Iskenderun's Mystic Bla  Conj/Tloc      0%         2d3       99%         4
 Starburst                Conj/Fire      0%         6d3       100%        6


Dungeon Overview and Level Annotations

Branches:
Dungeon (2/15)

Altars:
Kikubaaqudgha

Shops:
D:2 *


Innate Abilities, Weirdness & Mutations

((You are very nimble when in or above water. (Stealth+, EV+, Speed+++)))
Your lower body shifts to a powerful aquatic tail in water.


Message History

The adder barely misses you.
You hit the adder. You drain the adder.
You kill the adder!
Kikubaaqudgha accepts your kill.
You feel sick.
Your hobgoblin skeleton misses the adder.
The adder bites you. The goblin closely misses you.
You have reached level 4!
You feel sick.
Your hobgoblin skeleton hits the adder.
The goblin hits you with a +0 club.
You see here an adder corpse.
You feel sick.
You are no longer poisoned.
The goblin hits you with a +0 club.
Your hobgoblin skeleton misses the adder.
The adder bites you.
* * * LOW HITPOINT WARNING * * *
The adder closely misses you. The adder bites you.
* * * LOW HITPOINT WARNING * * *
You feel very mighty all of a sudden. The adder bites you.
* * * LOW HITPOINT WARNING * * *
You are poisoned.
The adder poisons you!
Your hobgoblin skeleton hits the adder.
The goblin hits you but does no damage. The adder bites you.
* * * LOW HITPOINT WARNING * * *
* * * LOW HITPOINT WARNING * * *
You feel sick. The adder bites you but does no damage.
Your hobgoblin skeleton misses the adder.
* * * LOW HITPOINT WARNING * * *
You feel sick.
Your hobgoblin skeleton hits the goblin.
The goblin dies!
Kikubaaqudgha accepts your kill.
Your Dodging skill increases to level 1!
You see here 2 white potions.
Unknown command.
You die...
Kikubaaqudgha rasps: "You have failed me!
Welcome... death!"

#.#...#######.).
#.#.### ###.
#.#.# #... #.#.#
#.## #.#.# #...
#...# ####
#####†.####
#..<......#
#.!@......#
#.S)Z.....#
#.........#
#....$....#
###########


You could see an adder (ally target) and a friendly hobgoblin skeleton.

Vanquished Creatures
  2 adders (D:2)
  A worm (D:2)
  A dart slug (D:2)
  3 endoplasms
  A giant cockroach (D:2)
  3 hobgoblins
  6 kobolds
  3 quokkas
  A ball python (D:1)
  2 bats (D:1)
  5 frilled lizards
  3 goblins (D:1)
  3 rats
  2 bushes (D:1)
36 creatures vanquished.

Vanquished Creatures (collateral kills)
  A worm (D:2)
  A goblin (D:2)
2 creatures vanquished.

Vanquished Creatures (others)
  A plant (D:1)
1 creature vanquished.

Grand Total: 39 creatures vanquished

Notes
Turn   | Place    | Note
-------+----------+-------------------------------------------
     0 | D:1      | cyrus the Merfolk Fighter began the quest for the Orb.
     0 | D:1      | Reached XP level 1. HP: 18/18 MP: 1/1
   328 | D:1      | Reached XP level 2. HP: 24/24 MP: 2/2
   718 | D:2      | Reached XP level 3. HP: 25/30 MP: 3/3
   726 | D:2      | Found a faded altar of an unknown god.
   739 | D:2      | Prayed at the altar of an unknown god.
   739 | D:2      | Became a worshipper of Kikubaaqudgha
   739 | D:2      | Reached * piety under Kikubaaqudgha
   739 | D:2      | Received a gift from Kikubaaqudgha
   861 | D:2      | Learned a level 1 spell: Animate Skeleton
  1131 | D:2      | Found Ibbaf's Assorted Antiques.
  1136 | D:2      | Bought a robe for 19 gold pieces
  1136 | D:2      | Bought a potion of might for 112 gold pieces
  1343 | D:2      | Identified the +2 short sword of Fintu {vorpal, rN+ Will++
                  | Str-3 Dex+4}
  1782 | D:2      | Reached XP level 4. HP: 23/37 MP: 1/4
  1792 | D:2      | HP: 1/37 [poisoned by an adder]
  1793 | D:2      | Reached skill level 1 in Dodging
  1793 | D:2      | Succumbed to an adder's poison

Illustrated notes

Levels and vault maps discovered:
D:1:      psy_arrival_conway, layout_basic, chequers_mini_garden
D:2:      layout_rooms, serial_shops, nicolae_shop_hallway_plus,
          chequers_ecumenical_altar_simple

Skill      XL: |  1  2  3  4 |
---------------+-------------+-----
Dodging        | 1 |  1.0
Fighting       | |  3.7
Polearms       | |  3.9
Armour         | |  2.4
Shields        | |  3.6
Spellcasting   | |  0.1

Action                   |  1- 3 |  4- 6 || total
-------------------------+-------+-------++-------
Melee: Trident           |   234 |       ||   234
       Tailslap          |    16 |       ||    16
       Whip              |    20 |       ||    20
 Cast: Animate Skeleton  |     3 |       ||     3
Invok: Receive Corpses   |     2 |       ||     2
  Use: Potion            |       |     1 ||     1
Armor: Scale mail        |    36 |       ||    36
       Robe              |       |     2 ||     2
Dodge: Dodged            |    25 |     1 ||    26
Block: Buckler           |    24 |       ||    24

Table legend: (Time is in decaauts)
 A = Elapsed time spent in this place.
 B = Non-inter-level travel time spent in this place.
 C = Inter-level travel time spent in this place.
 D = Time resting spent in this place.
 E = Time spent auto-exploring this place.
 F = Levels seen in this place.
 G = Mean time per level.
                   A        B        C        D        E       F      G
               +--------+--------+--------+--------+--------+-----+--------+
         Total |   1830 |   1821 |      9 |    336 |    866 |   2 |  915.0 |
       Dungeon |   1830 |   1821 |      9 |    336 |    866 |   2 |  915.0 |
               +--------+--------+--------+--------+--------+-----+--------+

Top non-repeatable levels by time:
     D:2: 1133 daAuts
     D:1: 697 daAuts
